| TOP OF THE 1ST |
|
California State University at Fullerton Titans batting - Pitching for University of Miami Hurricanes : RHP François Leclerc
|
|
Pitching: RHP François Leclerc
|
|
|
Batting: LHB Newt Peper
|
0-0: Swinging Strike 0-1: Foul Ball, location: 2F 0-2: Ball 1-2: SINGLE (Flyball, 4D, EV 92.5 MPH)
|
|
Batting: LHB Wing-tat Tai
|
0-0: Ball 1-0: Called Strike 1-1: Fly out, F9 (Flyball, 9S, EV 83.1 MPH)
|
|
Batting: RHB Wan-ling Zhu
|
0-0: Ball 1-0: Ball Newt Peper is caught stealing 2nd base 2-4 2-0: Ball 3-0: Base on Balls
|
|
Batting: RHB Azeem bin Zuhair
|
0-0: Called Strike 0-1: SINGLE (Groundball, 6MD, EV 103.8 MPH) Wan-ling Zhu to second
|
|
Batting: RHB Don Burt
|
0-0: Ball 1-0: Fly out, F9 (Flyball, 89D, EV 111.2 MPH)
|
| Top of the 1st over - 0 runs, 2 hits, 0 errors, 2 left on base; California State University at Fullerton 0 - University of Miami 0 |
| BOTTOM OF THE 1ST |
|
University of Miami Hurricanes batting - Pitching for California State University at Fullerton Titans : LHP Antonio Velazquez
|
|
Pitching: LHP Antonio Velazquez
|
|
|
Batting: RHB Guo Kwok
|
0-0: Fly out, F9 (Flyball, 89M, EV 97.5 MPH)
|
|
Batting: SHB Dan Strickland
|
0-0: Called Strike 0-1: Ground out 6-3 (Groundball, 56, EV 105.0 MPH)
|
|
Batting: RHB Cesar Rendon
|
0-0: Called Strike 0-1: SINGLE (Groundball, 4MD, EV 99.4 MPH)
|
|
Batting: RHB Daniel Molina
|
0-0: Fielders Choice at 2nd, 6-4 (Groundball, 6, EV 91.9 MPH)
|
| Bottom of the 1st over - 0 runs, 1 hit, 0 errors, 1 left on base; California State University at Fullerton 0 - University of Miami 0 |
| TOP OF THE 2ND |
|
California State University at Fullerton Titans batting - Pitching for University of Miami Hurricanes : RHP François Leclerc
|
|
Batting: RHB Nate Dabney
|
0-0: Called Strike 0-1: Foul Ball, location: 2F 0-2: Ground out 5-3 (Groundball, 56, EV 105.6 MPH)
|
|
Batting: RHB Mike Hill
|
0-0: Foul Ball, location: 2F 0-1: Called Strike 0-2: Ball 1-2: Foul Ball, location: 2F 1-2: Ball 2-2: Ball 3-2: Foul Ball, location: 2F 3-2: Foul Ball, location: 2F 3-2: Foul Ball, location: 2F 3-2: Ground out 4-3 (Groundball, 4, EV 86.9 MPH)
|
|
Batting: LHB Walt van der Rest
|
0-0: Swinging Strike 0-1: Ball 1-1: SINGLE (Line Drive, 56D, EV 99.4 MPH)
|
|
Batting: RHB Oscar Ferrer
|
0-0: Foul Ball, location: 2F 0-1: Ground out 5-3 (Groundball, 56S, EV 87.5 MPH)
|
| Top of the 2nd over - 0 runs, 1 hit, 0 errors, 1 left on base; California State University at Fullerton 0 - University of Miami 0 |
| BOTTOM OF THE 2ND |
|
University of Miami Hurricanes batting - Pitching for California State University at Fullerton Titans : LHP Antonio Velazquez
|
|
Batting: RHB Akira Kubo
|
0-0: Ball 1-0: Ball 2-0: Called Strike 2-1: Fly out, F9 (Flyball, 9LS, EV 88.1 MPH)
|
|
Batting: LHB Eric Willis
|
0-0: Called Strike 0-1: Ball 1-1: Fly out, F7 (Flyball, 7LS, EV 93.1 MPH)
|
|
Batting: LHB Timotheus Young
|
0-0: Ball 1-0: Ball 2-0: Ball 3-0: Base on Balls
|
|
Batting: RHB Alex Velasco
|
0-0: Ground out U3 (Groundball, 34, EV 81.2 MPH)
|
| Bottom of the 2nd over - 0 runs, 0 hits, 0 errors, 1 left on base; California State University at Fullerton 0 - University of Miami 0 |
| TOP OF THE 3RD |
|
California State University at Fullerton Titans batting - Pitching for University of Miami Hurricanes : RHP François Leclerc
|
|
Batting: LHB Newt Peper
|
0-0: Foul Ball, location: 2F 0-1: Ground out 6-3 (Groundball, 6, EV 105.0 MPH)
|
|
Batting: LHB Wing-tat Tai
|
0-0: Ball 1-0: Ball 2-0: Called Strike 2-1: Ball 3-1: Base on Balls
|
|
Batting: RHB Wan-ling Zhu
|
0-0: Fly out, F8 (Line Drive, 8LM, EV 85.0 MPH)
|
|
Batting: RHB Azeem bin Zuhair
|
0-0: Ball 1-0: Swinging Strike 1-1: Swinging Strike 1-2: Strikes out looking
|
| Top of the 3rd over - 0 runs, 0 hits, 0 errors, 1 left on base; California State University at Fullerton 0 - University of Miami 0 |
| BOTTOM OF THE 3RD |
|
University of Miami Hurricanes batting - Pitching for California State University at Fullerton Titans : LHP Antonio Velazquez
|
|
Batting: RHB Declan Eichele
|
0-0: Ground out 5-3 (Groundball, 56S, EV 78.1 MPH)
|
|
Batting: RHB Guo Kwok
|
0-0: Called Strike 0-1: Called Strike 0-2: Ball 1-2: Ball 2-2: Ground out 5-3 (Groundball, 5, EV 85.6 MPH)
|
|
Batting: SHB Dan Strickland
|
0-0: Ball 1-0: Swinging Strike 1-1: Ground out 6-3 (Groundball, 4M, EV 100.0 MPH)
|
| Bottom of the 3rd over - 0 runs, 0 hits, 0 errors, 0 left on base; California State University at Fullerton 0 - University of Miami 0 |
| TOP OF THE 4TH |
|
California State University at Fullerton Titans batting - Pitching for University of Miami Hurricanes : RHP François Leclerc
|
|
Batting: RHB Don Burt
|
0-0: Ball 1-0: Ball 2-0: Called Strike 2-1: Ball 3-1: Foul Ball, location: 2F 3-2: Fly out, F8 (Flyball, 78M, EV 80.6 MPH)
|
|
Batting: RHB Nate Dabney
|
0-0: Ball 1-0: Ball 2-0: Ball 3-0: Called Strike 3-1: Base on Balls
|
|
Batting: RHB Mike Hill
|
0-0: Foul Ball, location: 2F 0-1: Foul Ball, location: 2F 0-2: Fielders Choice at 2nd, 2-6 (Groundball, 13S, EV 71.9 MPH)
|
|
Batting: LHB Walt van der Rest
|
0-0: Called Strike 0-1: Ball 1-1: Called Strike 1-2: Foul Ball, location: 2F 1-2: SINGLE (Groundball, 4M, EV 101.9 MPH) (infield hit) Mike Hill to second
|
|
Batting: RHB Oscar Ferrer
|
0-0: Ball 1-0: Called Strike 1-1: Swinging Strike 1-2: Ball Wild Pitch! Mike Hill to third Walt van der Rest to second 2-2: Ball 3-2: Ground out 6-3 (Groundball, 6, EV 90.6 MPH)
|
| Top of the 4th over - 0 runs, 1 hit, 0 errors, 2 left on base; California State University at Fullerton 0 - University of Miami 0 |
| BOTTOM OF THE 4TH |
|
University of Miami Hurricanes batting - Pitching for California State University at Fullerton Titans : LHP Antonio Velazquez
|
|
Batting: RHB Cesar Rendon
|
0-0: Called Strike 0-1: Ball 1-1: Hit by Pitch
|
|
Batting: RHB Daniel Molina
|
0-0: Fielders Choice at 2nd, 6-4 (Groundball, 6, EV 90.0 MPH)
|
|
Batting: RHB Akira Kubo
|
0-0: Swinging Strike 0-1: Ball 1-1: Ball 2-1: Ball 3-1: Base on Balls Daniel Molina to second
|
|
Batting: LHB Eric Willis
|
0-0: Foul Ball, location: 2F 0-1: Ball 1-1: Fly out, F7 (Flyball, 7LM, EV 95.0 MPH)
|
|
Batting: LHB Timotheus Young
|
0-0: Ball 1-0: Called Strike 1-1: Ball 2-1: Fly out, F3 (Flyball, 3D, EV 86.2 MPH)
|
| Bottom of the 4th over - 0 runs, 0 hits, 0 errors, 2 left on base; California State University at Fullerton 0 - University of Miami 0 |
| TOP OF THE 5TH |
|
California State University at Fullerton Titans batting - Pitching for University of Miami Hurricanes : RHP François Leclerc
|
|
Batting: LHB Newt Peper
|
0-0: Ball 1-0: Ground out 4-3 (Groundball, 4, EV 81.2 MPH)
|
|
Batting: LHB Wing-tat Tai
|
0-0: Called Strike 0-1: SINGLE (Groundball, 34D, EV 106.2 MPH)
|
|
Batting: RHB Wan-ling Zhu
|
0-0: Fielders Choice at 2nd, 5-4 (Groundball, 56, EV 87.5 MPH)
|
|
Pitching: RHP Zack Young
|
|
|
Batting: RHB Azeem bin Zuhair
|
0-0: Ball 1-0: Ball Wan-ling Zhu steals 2nd base 2-0: Foul Ball, location: 2F 2-1: Called Strike 2-2: Foul Ball, location: 2F 2-2: Strikes out swinging
|
| Top of the 5th over - 0 runs, 1 hit, 0 errors, 1 left on base; California State University at Fullerton 0 - University of Miami 0 |
| BOTTOM OF THE 5TH |
|
University of Miami Hurricanes batting - Pitching for California State University at Fullerton Titans : LHP Antonio Velazquez
|
|
Batting: RHB Alex Velasco
|
0-0: SINGLE (Groundball, 56D, EV 103.1 MPH)
|
|
Batting: RHB Declan Eichele
|
0-0: Ball 1-0: Fly out, F9 (Flyball, 89M, EV 79.4 MPH)
|
|
Batting: RHB Guo Kwok
|
0-0: Swinging Strike 0-1: DOUBLE (Line Drive, 78D, EV 105.6 MPH) Alex Velasco to third
|
|
Batting: SHB Dan Strickland
|
0-0: Ball 1-0: Swinging Strike 1-1: Ground out U3 (Groundball, 34S, EV 91.9 MPH)
|
|
Batting: RHB Cesar Rendon
|
0-0: Ball 1-0: Fly out, F3 (Flyball, 3D, EV 78.1 MPH)
|
| Bottom of the 5th over - 0 runs, 2 hits, 0 errors, 2 left on base; California State University at Fullerton 0 - University of Miami 0 |
| TOP OF THE 6TH |
|
California State University at Fullerton Titans batting - Pitching for University of Miami Hurricanes : RHP Zack Young
|
|
Batting: RHB Don Burt
|
0-0: Called Strike 0-1: Ball 1-1: Fly out, F8 (Flyball, 8RD, EV 86.2 MPH)
|
|
Batting: RHB Nate Dabney
|
0-0: Ball 1-0: Called Strike 1-1: Ball 2-1: Swinging Strike 2-2: Strikes out looking
|
|
Batting: RHB Mike Hill
|
0-0: Ball 1-0: Called Strike 1-1: Ball 2-1: SOLO HOME RUN (Flyball, 7D, EV 100.6 MPH), Distance : 394 ft
|
|
Batting: LHB Walt van der Rest
|
0-0: Ball 1-0: Ball 2-0: SINGLE (Groundball, 3S, EV 66.2 MPH) (infield hit)
|
|
Batting: RHB Oscar Ferrer
|
0-0: Called Strike 0-1: Ball 1-1: Ball 2-1: Ball 3-1: Called Strike 3-2: SINGLE (Groundball, 25, EV 69.4 MPH) (infield hit) Walt van der Rest to second
|
|
Batting: LHB Newt Peper
|
0-0: Called Strike 0-1: Ball 1-1: Fly out, F7 (Flyball, 7D, EV 98.1 MPH)
|
| Top of the 6th over - 1 run, 3 hits, 0 errors, 2 left on base; California State University at Fullerton 1 - University of Miami 0 |
| BOTTOM OF THE 6TH |
|
University of Miami Hurricanes batting - Pitching for California State University at Fullerton Titans : LHP Antonio Velazquez
|
|
Batting: RHB Daniel Molina
|
0-0: Ball 1-0: Called Strike 1-1: Foul Ball, location: 2F 1-2: Ball 2-2: Strikes out swinging
|
|
Batting: RHB Akira Kubo
|
0-0: Ball 1-0: Ball 2-0: Ball 3-0: Base on Balls
|
|
Batting: LHB Eric Willis
|
0-0: Ball 1-0: Fielders Choice at 2nd, 6-4 (Groundball, 6, EV 91.2 MPH)
|
|
Pinch Hitting: LHB Kiyosumi Yoshioka
|
0-0: Called Strike 0-1: Ball 1-1: Swinging Strike 1-2: Ball 2-2: Ball 3-2: Fly out, F7 (Flyball, 78S, EV 93.1 MPH)
|
| Bottom of the 6th over - 0 runs, 0 hits, 0 errors, 1 left on base; California State University at Fullerton 1 - University of Miami 0 |
| TOP OF THE 7TH |
|
California State University at Fullerton Titans batting - Pitching for University of Miami Hurricanes : RHP Zack Young
|
|
Now in CF: Kiyosumi Yoshioka
|
|
|
Batting: LHB Wing-tat Tai
|
0-0: Foul Ball, location: 2F 0-1: Swinging Strike 0-2: SINGLE (Flyball, 8RS, EV 96.2 MPH)
|
|
Batting: RHB Wan-ling Zhu
|
0-0: Called Strike 0-1: Foul Ball, location: 2F 0-2: Fielders Choice at 2nd, 2-4 (Groundball, 2L, EV 70.0 MPH)
|
|
Batting: RHB Azeem bin Zuhair
|
0-0: Ball 1-0: Swinging Strike 1-1: Fielders Choice at 2nd, 6-4 (Groundball, 6, EV 85.0 MPH)
|
|
Batting: RHB Don Burt
|
0-0: Ball 1-0: Ball 2-0: SINGLE (Line Drive, 9S, EV 98.1 MPH) Azeem bin Zuhair to second Runner from 2nd tries for 3rd, SAFE, throw by RF made to third
|
|
Batting: RHB Nate Dabney
|
0-0: Ball 1-0: 3-RUN HOME RUN (Flyball, 78XD, EV 94.4 MPH), Distance : 380 ft
|
|
Pitching: RHP Ramon Mena
|
|
|
Batting: RHB Mike Hill
|
0-0: Foul Ball, location: 2F 0-1: Ball 1-1: Foul Ball, location: 2F 1-2: Fly out, F9 (Line Drive, 9, EV 92.5 MPH)
|
| Top of the 7th over - 3 runs, 3 hits, 0 errors, 0 left on base; California State University at Fullerton 4 - University of Miami 0 |
| BOTTOM OF THE 7TH |
|
University of Miami Hurricanes batting - Pitching for California State University at Fullerton Titans : LHP Antonio Velazquez
|
|
Batting: RHB Alex Velasco
|
0-0: Foul Ball, location: 2F 0-1: Called Strike 0-2: Strikes out swinging
|
|
Batting: RHB Declan Eichele
|
0-0: Ground out 6-3 (Groundball, 6S, EV 77.5 MPH)
|
|
Batting: RHB Guo Kwok
|
0-0: Ball 1-0: Ball 2-0: Called Strike 2-1: Swinging Strike 2-2: Fly out, F2 (Popup, 2RF, EV 92.5 MPH)
|
| Bottom of the 7th over - 0 runs, 0 hits, 0 errors, 0 left on base; California State University at Fullerton 4 - University of Miami 0 |
| TOP OF THE 8TH |
|
California State University at Fullerton Titans batting - Pitching for University of Miami Hurricanes : RHP Ramon Mena
|
|
Batting: LHB Walt van der Rest
|
0-0: Ball 1-0: Foul Ball, location: 2F 1-1: Foul Ball, location: 2F 1-2: Strikes out swinging
|
|
Batting: RHB Oscar Ferrer
|
0-0: Swinging Strike 0-1: Ball 1-1: Called Strike 1-2: Ground out 6-3 (Groundball, 6, EV 80.6 MPH)
|
|
Batting: LHB Newt Peper
|
0-0: Foul Ball, location: 2F 0-1: Ground out 4-3 (Groundball, 4S, EV 85.0 MPH)
|
| Top of the 8th over - 0 runs, 0 hits, 0 errors, 0 left on base; California State University at Fullerton 4 - University of Miami 0 |
| BOTTOM OF THE 8TH |
|
University of Miami Hurricanes batting - Pitching for California State University at Fullerton Titans : LHP Antonio Velazquez
|
|
Pitching: RHP Dave Williams
|
|
|
Batting: SHB Dan Strickland
|
0-0: Foul Ball, location: 2F 0-1: Foul Ball, location: 2F 0-2: Foul Ball, location: 2F 0-2: Ball 1-2: Ball 2-2: Foul Ball, location: 2F 2-2: DOUBLE (Line Drive, 89M, EV 103.8 MPH)
|
|
Pinch Hitting: RHB Carlos Almada
|
0-0: Ball 1-0: Ground out 6-3 (Groundball, 6, EV 83.8 MPH)
|
|
Batting: RHB Daniel Molina
|
0-0: Ball 1-0: Called Strike 1-1: Ground out U3 (Groundball, 34, EV 100.6 MPH) Dan Strickland to third
|
|
Batting: RHB Akira Kubo
|
0-0: Ball 1-0: Ground out 6-3 (Groundball, 6, EV 105.0 MPH)
|
| Bottom of the 8th over - 0 runs, 1 hit, 0 errors, 1 left on base; California State University at Fullerton 4 - University of Miami 0 |
| TOP OF THE 9TH |
|
California State University at Fullerton Titans batting - Pitching for University of Miami Hurricanes : RHP Ramon Mena
|
|
Now in LF: Kiyosumi Yoshioka
|
|
|
Now in CF: Earl Crabtree
|
|
|
Batting: LHB Wing-tat Tai
|
0-0: Ball 1-0: Ball 2-0: Called Strike 2-1: Swinging Strike 2-2: Ground out 6-3 (Groundball, 6, EV 89.4 MPH)
|
|
Batting: RHB Wan-ling Zhu
|
0-0: Ball 1-0: Ball 2-0: Ball 3-0: Base on Balls
|
|
Batting: RHB Azeem bin Zuhair
|
0-0: Fly out, F9 (Flyball, 89D, EV 94.4 MPH)
|
|
Batting: RHB Don Burt
|
0-0: Ball 1-0: Called Strike 1-1: Called Strike Wan-ling Zhu steals 2nd base 1-2: Ball 2-2: Ball 3-2: Base on Balls
|
|
Batting: RHB Nate Dabney
|
0-0: Ball 1-0: Ball 2-0: Called Strike 2-1: Ball 3-1: Called Strike 3-2: Foul Ball, location: 2F 3-2: Base on Balls Wan-ling Zhu to third Don Burt to second
|
|
Batting: RHB Mike Hill
|
0-0: Ball 1-0: Ball 2-0: Foul Ball, location: 2F 2-1: Swinging Strike 2-2: GRAND SLAM HOME RUN (Flyball, 7LD, EV 97.5 MPH), Distance : 374 ft
|
|
Batting: LHB Walt van der Rest
|
0-0: SINGLE (Line Drive, 4MD, EV 105.6 MPH)
|
|
Pinch Hitting: LHB Zachery Ballard
|
0-0: Ball 1-0: Ball 2-0: Ball 3-0: Base on Balls Walt van der Rest to second
|
|
Pinch Hitting: RHB Luke Peet
|
0-0: Ball 1-0: Called Strike 1-1: Ball 2-1: Foul Ball, location: 2F 2-2: Ball 3-2: Base on Balls Walt van der Rest to third Zachery Ballard to second
|
|
Pinch Hitting: RHB Amir Christy
|
0-0: Swinging Strike 0-1: Ball 1-1: Ball 2-1: Called Strike 2-2: Foul Ball, location: 2F 2-2: Strikes out swinging
|
| Top of the 9th over - 4 runs, 2 hits, 0 errors, 3 left on base; California State University at Fullerton 8 - University of Miami 0 |
| BOTTOM OF THE 9TH |
|
University of Miami Hurricanes batting - Pitching for California State University at Fullerton Titans : RHP Dave Williams
|
|
Now at 2B: Mike Fielden
|
|
|
Now at 3B: Amir Christy
|
|
|
Now in RF: Manny Olave
|
|
|
Batting: LHB Eric Willis
|
0-0: Foul Ball, location: 2F 0-1: Foul Ball, location: 2F 0-2: Ball 1-2: Ball 2-2: Ball 3-2: Base on Balls
|
|
Pinch Hitting: RHB Juan Medina
|
0-0: Called Strike 0-1: Called Strike 0-2: Ball 1-2: Strikes out swinging
|
|
Pinch Hitting: RHB Dustin Goldsborough
|
0-0: Ball 1-0: Foul Ball, location: 2F 1-1: Foul Ball, location: 2F 1-2: Strikes out swinging
|
|
Pinch Hitting: LHB Danny de Leon
|
0-0: Ball 1-0: Called Strike 1-1: Ball 2-1: Ground out U3 (Groundball, 34, EV 91.2 MPH)
|
| Bottom of the 9th over - 0 runs, 0 hits, 0 errors, 1 left on base; California State University at Fullerton 8 - University of Miami 0 |
|